 Dungeon Crawl Stone Soup version 0.22-a0-253-gf9d0ce5 (webtiles) character file.

2508 b5mith the Fighter (level 9, -8/82 HPs)
             Began as a Minotaur Berserker on Mar 3, 2018.
             Was an Elder of Trog.
             Killed by divine providence
             ... invoked by an orc priest
              (13 damage)
             ... on level 7 of the Dungeon.
             The game lasted 00:10:40 (5237 turns).

b5mith the Fighter (Minotaur Berserker)             Turns: 5237, Time: 00:10:42

Health: -8/82      AC: 15    Str: 25    XL:     9   Next: 28%
Magic:  17/17      EV: 10    Int:  4    God:    Trog [****..]
Gold:   160        SH:  0    Dex: 10    Spells: 8/8 levels left

rFire    . . .     SeeInvis .   a - +0 falchion
rCold    . . .     Gourm    +   (no shield)
rNeg     . . .     Faith    .   f - +1 plate armour
rPois    .         Spirit   .   (helmet restricted)
rElec    .         Reflect  .   B - scarf {cloud immunity}
rCorr    .         Harm     .   q - +0 pair of gloves
MR       +....                  (no boots)
Stlth    ..........             y - amulet of the gourmand
HPRegen  0.23/turn              p - ring of magical power
MPRegen  0.15/turn              u - ring of protection from magic

@: berserk cooldown, slowed, very slow
A: retaliatory headbutt, horns 2
a: Berserk, Trog's Hand, Brothers in Arms, Renounce Religion


You were on level 7 of the Dungeon.
You worshipped Trog.
Trog was greatly pleased with you.
You were very full.

You visited 1 branch of the dungeon, and saw 7 of its levels.

You collected 391 gold pieces.
You spent 231 gold pieces at shops.

Inventory:

Hand Weapons
 a - a +0 falchion (weapon)
Armour
 b - a +0 animal skin
 d - a +0 chain mail
 f - a +1 plate armour (worn)
 q - a +0 pair of gloves (worn)
 x - a +0 cloak
 B - a scarf of cloud immunity (worn)
Jewellery
 o - an uncursed amulet of rage
 p - a ring of magical power (left hand)
 u - a ring of protection from magic (right hand)
 y - an amulet of the gourmand (around neck)
Wands
 s - a wand of clouds (5)
 A - a wand of flame (39)
Scrolls
 e - a scroll of amnesia {unknown}
 i - 9 scrolls of teleportation
 m - a scroll of enchant armour
 v - 2 scrolls of fear {unknown}
 w - 3 scrolls of remove curse {unknown}
 z - a scroll of blinking
 C - a scroll of identify {@r1}
Potions
 g - 2 potions of curing {unknown}
 h - a potion of might {unknown}
 j - 4 potions of mutation
 k - a potion of resistance {unknown}
 l - 3 potions of heal wounds
 n - 2 potions of brilliance {unknown}
 r - a potion of flight {unknown}
 t - 4 potions of degeneration
Comestibles
 c - 10 rations


   Skills:
 + Level 8.4 Fighting
 + Level 8.3 Long Blades
 + Level 7.9 Armour
 + Level 7.3 Dodging


You had 8 spell levels left.
You didn't know any spells.

Dungeon Overview and Level Annotations

Branches:
Dungeon (7/15)
 Temple: D:4-7

Altars:
Cheibriados
Dithmenos
Elyvilon
Hepliaklqana
Makhleb
Qazlal
Ru
Xom
Zin
The Shining One

Shops:
D:6 :[![?


Innate Abilities, Weirdness & Mutations

You reflexively headbutt those who attack you in melee.
You have a pair of horns on your head.


Message History

You are exhausted.
You feel yourself slow down.
The orc priest invokes the aid of Beogh against you.
You easily resist.
The orc hits you with a scorched trident {elec}.
* * * LOW HITPOINT WARNING * * *
Items here: ))))) [[ †††† Your plate armour prevents you from hitting the orc priest.
The orc priest calls down the wrath of Beogh upon you.
Beogh smites you!
* * * LOW HITPOINT WARNING * * *
The orc hits you but does no damage.
You slash the orc priest! You headbutt the orc priest.
The orc priest is almost dead.
The orc priest hits you with a flail.
* * * LOW HITPOINT WARNING * * *
The orc hits you but does no damage.
The orc priest invokes the aid of Beogh against you.
Beogh smites you!
You die...

#.##.. #.#### #<....
##### ###... ###
#...##### #.## ..
#.......# #.## #.
#...###.# #.##
#..##.####...# #.# #.#
#....o@....#.# #.# #..
...###o####...###.#####
#. ####.......# ..
#.##.##.# ### #.##....#
# #.####..###
...####.....
#.......### #.####.##


You could see an orc priest and an orc.

Vanquished Creatures
  Pikel (D:7)
  Edmund (D:5)
  2 orc warriors
  An ice beast (D:7)
  A sky beast (D:7)
  A phantom (D:3)
  2 ogres
  4 centaurs
  2 bullfrogs
  3 howler monkeys
  4 crimson imps
  2 jellies
  3 hounds
  4 orc wizards (D:6)
  Jessica (D:2)
  A bullfrog skeleton (D:5)
  An iguana (D:5)
  3 worker ants
  A worker ant zombie (D:5)
  6 adders
  A howler monkey skeleton (D:5)
  2 shadow imps
  An ooze (D:2)
  3 worms
  4 dart slugs
  2 leopard geckos (D:3)
  17 orcs
  4 giant cockroaches
  7 goblins
  7 hobgoblins
  9 jackals
  4 kobolds
  3 quokkas
  3 bats
  3 frilled lizards
  A leopard gecko skeleton (D:6)
  9 rats
124 creatures vanquished.

Vanquished Creatures (others)
  A scorpion (D:7)
1 creature vanquished.

Grand Total: 125 creatures vanquished

Notes
Turn   | Place    | Note
-------+----------+-------------------------------------------
     0 | D:1      | b5mith the Minotaur Berserker began the quest for the Orb.
     0 | D:1      | Reached XP level 1. HP: 19/19 MP: 0/0
   483 | D:1      | Reached XP level 2. HP: 27/27 MP: 1/1
   861 | D:2      | Found a shimmering altar of Xom.
   994 | D:2      | Reached XP level 3. HP: 33/33 MP: 2/2
  1009 | D:2      | Noticed Jessica
  1010 | D:2      | Killed Jessica
  1055 | D:2      | Found a stormy altar of Qazlal.
  1131 | D:2      | Reached XP level 4. HP: 37/41 MP: 3/3
  1269 | D:2      | Reached ** piety under Trog
  1404 | D:2      | Found a glowing golden altar of the Shining One.
  1404 | D:2      | Found a glowing silver altar of Zin.
  1405 | D:2      | Found a white marble altar of Elyvilon.
  1738 | D:3      | Found a glowing golden altar of the Shining One.
  1986 | D:3      | Reached XP level 5. HP: 44/47 MP: 4/4
  2077 | D:3      | Noticed a phantom
  2107 | D:3      | Killed a phantom
  2107 | D:3      | Reached skill level 5 in Fighting
  2107 | D:3      | Reached skill level 5 in Long Blades
  2107 | D:3      | Reached XP level 6. HP: 40/56 MP: 5/5
  2957 | D:4      | Found a burning altar of Makhleb.
  2963 | D:4      | Found a shimmering altar of Xom.
  3011 | D:5      | Entered Level 5 of the Dungeon
  3047 | D:5      | Reached skill level 5 in Armour
  3084 | D:5      | Found a snail-covered altar of Cheibriados.
  3111 | D:5      | Noticed Edmund
  3140 | D:5      | Killed Edmund
  3140 | D:5      | Reached XP level 7. HP: 48/62 MP: 6/6
  3457 | D:5      | Reached skill level 5 in Dodging
  3596 | D:5      | Reached *** piety under Trog
  3857 | D:6      | Found Wakhir's Distillery.
  3895 | D:6      | Reached XP level 8. HP: 57/71 MP: 7/7
  4005 | D:6      | Found a sacrificial altar of Ru.
  4021 | D:6      | Found Taogaqov's Armour Emporium.
  4026 | D:6      | Found a shadowy altar of Dithmenos.
  4152 | D:6      | Found Geunian's Antique Armour Boutique.
  4640 | D:6      | Found Guam's Magic Scroll Emporium.
  4646 | D:6      | Bought a scroll of teleportation for 42 gold pieces
  4646 | D:6      | Bought a scroll of teleportation for 42 gold pieces
  4646 | D:6      | Bought a scroll of blinking for 105 gold pieces
  4646 | D:6      | Bought a scroll of teleportation for 42 gold pieces
  4719 | D:6      | Found Tatt's Book Shoppe.
  4865 | D:7      | Noticed Pikel
  4874 | D:7      | Killed Pikel
  4874 | D:7      | Reached XP level 9. HP: 52/81 MP: 8/8
  5071 | D:7      | Found a hazy altar of Hepliaklqana.
  5212 | D:7      | Reached **** piety under Trog
  5237 | D:7      | Killed from afar by an orc priest

Vault maps used:
D:1:      dpeg_arrival_stone_temple_mockup
D:2:      good_gods_mini_temple, lemuel_round_altar, first_ration,
          xom_teletrap_fun, uniq_natasha, uniq_jessica
D:3:      nicolae_tso_swordbearing_angel
D:4:      grunt_temple_overflow_champion_of_chaos
D:5:      kennysheep_slug_shrine, uniq_edmund
D:6:      grunt_temple_overflow_open, serial_shops, shop, shop,
          nicolae_shop_stone, nicolae_shop_trees, kennysheep_mini_moat
D:7:      lemuel_round_altar, temple_green, uniq_pikel

Skill      XL: |  1  2  3  4  5  6  7  8 |
---------------+-------------------------+-----
Fighting       | 4 5 6 8 |  8.4
Long Blades    | 4 5 6 8 |  8.3
Armour         | 3 4 5 6 7 |  7.9
Dodging        | 3 4 5 7 |  7.3

Action                   |  1- 3 |  4- 6 |  7- 9 || total
-------------------------+-------+-------+-------++-------
Melee: Falchion          |    44 |   163 |   194 ||   401
       Headbutt          |     6 |    37 |    46 ||    89
Invok: Berserk           |       |       |     3 ||     3
  Use: Scroll            |       |       |     5 ||     5
  Eat: Chunk             |     1 |     6 |    16 ||    23
       Ration            |       |       |     1 ||     1
Armor: Chain mail        |     7 |       |       ||     7
       Plate armour      |    18 |    86 |   112 ||   216
Dodge: Dodged            |    13 |    49 |    78 ||   140
       Rpst.: Falchion   |     4 |    14 |    20 ||    38

Table legend:
 A = Spawn XP
 B = Non-spawn XP
 C = Spawn XP percentage of total XP
 D = Spawn monster count
 E = Non-spawn monster count
 F = Spawn count percentage of total count
 G = Total turns spent on level
                    A         B        C        D         E        F      G
               +---------+---------+-------+---------+---------+-------+---------
         Total |       0 |    3584 |   0.0 |       0 |     124 |   0.0 |  5237
               +---------+---------+-------+---------+---------+-------+---------
           D:1 |       0 |      17 |   0.0 |       0 |      11 |   0.0 |   806
           D:2 |       0 |     151 |   0.0 |       0 |      21 |   0.0 |   904
           D:3 |       0 |     232 |   0.0 |       0 |      24 |   0.0 |   691
           D:4 |       0 |     248 |   0.0 |       0 |      10 |   0.0 |   610
           D:5 |       0 |     738 |   0.0 |       0 |      15 |   0.0 |   828
           D:6 |       0 |     887 |   0.0 |       0 |      23 |   0.0 |   946
           D:7 |       0 |    1311 |   0.0 |       0 |      20 |   0.0 |   452
               +---------+---------+-------+---------+---------+-------+---------
